 Dungeon Crawl Stone Soup version 0.32-a0-673-g3729bd50f8 (webtiles) character file.

Game seed: 12804510993493353390

77 Khashishi the Trooper (level 4, 0/37 HPs)
             Began as a Coglin Chaos Knight on Mar 11, 2024.
             Was a Plaything of Xom.
             Slain by a sixfirhy (4 damage)
             ... summoned by Xom
             ... on level 2 of the Dungeon.
             The game lasted 00:06:23 (1308 turns).

Khashishi the Trooper (Coglin Chaos Knight)         Turns: 1308, Time: 00:06:23

Health: 0/37       AC: 12    Str: 14    XL:     4   Next: 34%
Magic:  4/4        EV: 11    Int: 11    God:    Xom [......]
Gold:   98         SH:  0    Dex: 14    Spells: 3/3 levels left

rFire   . . .        a - +0 hand axe (chaos) {Gunther}
rCold   . . .        i - +0 hand axe (protect) {Astrid}
rNeg    . . .        b - +2 leather armour
rPois   .            (no helmet)
rElec   .            (no cloak)
rCorr   .            (no gloves)
SInv    .            (no boots)
Will    .....        (amulet unavailable)
Stlth   +            (ring unavailable)
HPRegen 0.26/turn    (ring unavailable)
MPRegen 0.09/turn    (no gizmo)

%: no passive effects
@: under a protective aura, revving
A: off-hand wielding, slow wielding, warmup strikes, no jewellery
a: Invent Gizmo, Renounce Religion


You were on level 2 of the Dungeon.
You worshipped Xom.
You were a very special plaything of Xom.
You visited 1 branch of the dungeon, and saw 2 of its levels.

You collected 98 gold pieces.

Inventory:

Hand Weapons
 a - a +0 hand axe of chaos (weapon) {Gunther}
 h - a +1 dagger of holy wrath {Eiko}
 i - a +0 hand axe of protection (offhand) {Astrid}
Armour
 b - a +2 leather armour (worn)
Scrolls
 c - a scroll of butterflies
 d - a scroll of teleportation {unknown}
 j - a scroll of vulnerability {unknown}
 l - a scroll of blinking {unknown}
 m - a scroll of identify {unknown}
 n - 2 scrolls of brand weapon
 o - a scroll of poison {unknown}
 p - a scroll of silence {unknown}
Potions
 e - a potion of invisibility {unknown}
 f - a potion of cancellation {unknown}
 g - a potion of lignification {unknown}
 k - a potion of heal wounds {unknown}


   Skills:
 + Level 4.1 Fighting
 + Level 4.1 Axes
 - Level 1.7 Armour
 - Level 0.8 Dodging


You had 3 spell levels left.
You didn't know any spells.
Your spell library contained the following spells:

 Spells                   Type           Power      Damage    Failure   Level
 Sandblast                Erth           0%         2d4       41%         1
 Passwall                 Erth           0%         N/A       78%         3
 Stone Arrow              Conj/Erth      0%         3d7       78%         3
 Brom's Barrelling Bould  Conj/Erth      0%         2d3       99%         4


Dungeon Overview and Level Annotations

Branches:
Dungeon (2/15)

Altars:

Annotations:
D:2 Sigmund


Innate Abilities, Weirdness & Mutations

You can wield a second weapon in your off-hand.
It takes a long time for you to wield or remove held weapons.
Your first few attacks do less damage.
You cannot equip rings or amulets.


Message History

You barely miss the ribbon worm with your +0 hand axe of chaos.
The ribbon worm is heavily wounded.
You hit the ribbon worm with your +0 hand axe of protection.
You slash the ribbon worm with your +0 hand axe of chaos!
You kill the ribbon worm!
The hobgoblin hits you but does no damage.
You closely miss the hobgoblin with your +0 hand axe of protection.
You closely miss the hobgoblin with your +0 hand axe of chaos.
The hobgoblin barely misses you.
You hit the hobgoblin with your +0 hand axe of protection.
The hobgoblin is severely wounded.
You hit the hobgoblin but do no damage.
Lightning courses through the hobgoblin!!
You kill the hobgoblin!
Things that are here:
a hobgoblin corpse; a ribbon worm corpse
Found a leather armour.
You hear Xom's maniacal laughter.
Okay, then.
You slash the sixfirhy with your +0 hand axe of chaos!
The sixfirhy is poisoned.
The sixfirhy is moderately wounded.
You hit the sixfirhy but do no damage.
Your weapon exudes an aura of protection.
The sixfirhy hits you! The sixfirhy shocks you!
You hit the sixfirhy with your +0 hand axe of protection.
The sixfirhy is heavily wounded.
You closely miss the sixfirhy with your +0 hand axe of chaos.
The sixfirhy hits you but does no damage. x3
The sixfirhy hits you! The sixfirhy shocks you!
* * * LOW HITPOINT WARNING * * *
Okay, then.
You hit the sixfirhy with your +0 hand axe of chaos.
You freeze the sixfirhy.
The sixfirhy is severely wounded.
You barely miss the iron imp with your +0 hand axe of chaos.
You hit the sixfirhy with your +0 hand axe of protection.
You hit the iron imp but do no damage. The sixfirhy hits you.
You die... "What!?
That's it?"

#.#######.###.# +##
#.............# ..#
##########[############ #.#
#....#.........# #.# ########
#.#..#<#######.# #.# #......#
#.######### #.# #.# #.####.#
#.........# #.# #.#
#.##.#.############.# #.# #.#
#.[.........5@35..#.# #.# #..
#########.##########.#.####.####.
#.........#..)...................
#.#####.........###..............
#.# #.........# #.=.##.........
#.# #.........# #...##.........
#.# #.........# #...##.........
#.# #.........# #..............
#†# #.........# #.#............


You could see a sixfirhy (summoned, very poisoned) and 2 iron imps.

Vanquished Creatures
  Terence (D:2)
  2 ribbon worms (D:2)
  4 bats (D:1)
  4 endoplasms
  5 giant cockroaches (D:2)
  2 goblins
  7 hobgoblins
  5 jackals
  A quokka (D:2)
  4 ball pythons (D:1)
  A frilled lizard (D:1)
  2 kobolds
  5 rats
43 creatures vanquished.

Notes
Turn   | Place    | Note
-------+----------+-------------------------------------------
     0 | D:1      | Khashishi the Coglin Chaos Knight began the quest for the
                  | Orb.
     0 | D:1      | Reached XP level 1. HP: 18/18 MP: 1/1
    85 | D:2      | Reached XP level 2. HP: 24/24 MP: 2/2
   141 | D:2      | XOM: silly message
   456 | D:2      | Reached XP level 3. HP: 29/29 MP: 3/3
   459 | D:2      | Noticed Terence
   468 | D:2      | Killed Terence
   544 | D:1      | Reached XP level 4. HP: 33/37 MP: 4/4
   843 | D:1      | XOM: 6-stop teleportation journey
   904 | D:1      | XOM: noise
  1104 | D:2      | Noticed Sigmund
  1105 | D:2      | Sigmund changed into Sigmund the steam dragon
  1105 | D:2      | Noticed Sigmund
  1105 | D:2      | XOM: polymorph Sigmund -> Sigmund the steam dragon
  1305 | D:2      | XOM: summons 3 hostile demons
  1306 | D:2      | Noticed a sixfirhy
  1308 | D:2      | Slain by a sixfirhy

Illustrated notes

Levels and vault maps discovered:
D:1:      heliophobic_arrival_enchanted_forest, layout_basic,
          chequers_decorated_corner, minmay_misc_feat_doors, hex_medium
D:2:      layout_basic, uniq_sigmund, uniq_terence

Skill      XL: |  1  2  3  4 |
---------------+-------------+-----
Fighting       | 4 |  4.1
Axes           | 4 |  4.1
Armour         | |  1.7
Dodging        | |  0.8

Action                     |  1- 3 |  4- 6 || total
---------------------------+-------+-------++-------
  Melee: Hand axe          |    56 |    37 ||    93
         Dagger            |    52 |    18 ||    70
    Use: Scroll            |       |     1 ||     1
   Stab: Sleeping          |       |     1 ||     1
 Armour: Leather armour    |    33 |    21 ||    54
  Dodge: Dodged            |    18 |     8 ||    26

Table legend: (Time is in decaauts)
 A = Elapsed time spent in this place.
 B = Non-inter-level travel time spent in this place.
 C = Inter-level travel time spent in this place.
 D = Time resting spent in this place.
 E = Time spent auto-exploring this place.
 F = Levels seen in this place.
 G = Mean time per level.
                   A        B        C        D        E       F      G
               +--------+--------+--------+--------+--------+-----+--------+
         Total |   1315 |   1242 |     73 |     21 |    798 |   2 |  657.5 |
       Dungeon |   1315 |   1242 |     73 |     21 |    798 |   2 |  657.5 |
               +--------+--------+--------+--------+--------+-----+--------+

Top non-repeatable levels by time:
     D:2: 680 daAuts
     D:1: 635 daAuts
